2010 views
Uploaded 2023-01-14 03:05:16
Game version 1.32.10
58:45 long 3on3 ladder game on (6)RuinsOfStratholme
Saved by GIGA
2010 views
Uploaded 2023-01-14 03:05:16
Game version 1.32.10
58:45 long 3on3 ladder game on (6)RuinsOfStratholme


196 units @ 23.3k
/ 3.3k
188 buildings @ 27.4k
/ 15.3k
SpaceInvader
(2)
(53:23) : 

| Healing Salve | 2 | 200 |
| Lesser Clarity Potion | 2 | 140 |
| Potion of Healing | 3 | 450 |
| Scroll of Town Portal | 4 | 1400 |
| Potion of Lesser Invulnerability | 3 | 450 |
| Periapt of Vitality | 1 | 325 |
| Staff of Teleportation | 1 | 150 |
| Orb of Venom | 1 | 325 |
| total: | 17 | 3440g |
| Peon | 25 | 1875 | / | 0 |
| Troll Headhunter | 10 | 1400 | / | 200 |
| Troll Witch Doctor | 3 | 435 | / | 75 |
| Troll Berserker | 1 | 140 | / | 20 |
| Troll Batrider | 14 | 2240 | / | 560 |
| total: | 53 | 6090g | / | 855w |
| Watch Tower | 47 | 5170 | / | 3760 |
| Altar of Storms | 1 | 180 | / | 50 |
| Orc Burrow | 6 | 960 | / | 240 |
| War Mill | 4 | 820 | / | 0 |
| Barracks | 1 | 180 | / | 50 |
| Voodoo Lounge | 3 | 390 | / | 90 |
| Great Hall | 5 | 1925 | / | 925 |
| Spirit Lodge | 1 | 150 | / | 150 |
| Beastiary | 2 | 290 | / | 280 |
| Stronghold | 1 | 315 | / | 190 |
| Fortress | 1 | 325 | / | 190 |
| total: | 70 | 10065g | / | 5545w |
| 0:03 | Peon |
| 0:12 | Altar of Storms |
| 0:15 | Orc Burrow |
| 0:17 | Peon |
| 0:17 | Peon |
| 0:50 | War Mill |
| 0:51 | Peon |
| 1:11 | Barracks |
| 1:12 | Peon |
| 1:25 | Peon |
| 1:47 | Orc Burrow |
| 1:49 | Peon |
| 2:12 | Voodoo Lounge |
| 2:13 | Troll Headhunter |
| 2:23 | Feral Spirit |
| 2:25 | Troll Headhunter |
| 2:44 | Troll Headhunter |
| 2:54 | Watch Tower |
| 3:06 | Troll Headhunter |
| 3:31 | Troll Headhunter |
| 3:32 | Peon |
| 3:49 | Troll Headhunter |
| 3:55 | Healing Salve |
| 3:55 | Lesser Clarity Potion |
| 4:07 | Peon |
| 4:20 | Chain Lighting |
| 4:25 | Orc Burrow |
| 4:48 | Great Hall |
| 5:23 | Watch Tower |
| 5:28 | Stronghold |
| 5:56 | Feral Spirit |
| 6:08 | Troll Headhunter |
| 6:28 | Watch Tower |
| 6:32 | Troll Headhunter |
| 6:34 | Spiked Barricades |
| 6:52 | Orc Burrow |
| 6:56 | Steel Ranged Weapons |
| 7:04 | Lesser Clarity Potion |
| 7:14 | Troll Headhunter |
| 7:26 | Troll Headhunter |
| 7:30 | Peon |
| 7:30 | Peon |
| 7:30 | Peon |
| 8:05 | Fortress |
| 9:15 | Chain Lighting |
| 9:18 | Peon |
| 9:29 | Watch Tower |
| 9:31 | Spirit Lodge |
| 9:37 | Peon |
| 10:10 | Watch Tower |
| 10:12 | Watch Tower |
| 10:24 | Peon |
| 10:45 | Berserker Upgrade |
| 10:47 | Peon |
| 10:50 | Troll Witch Doctor |
| 11:06 | Witch Doctor Adept Training |
| 11:08 | Peon |
| 11:14 | Hex |
| 11:47 | Watch Tower |
| 12:19 | Beastiary |
| 12:23 | Beastiary |
| 12:26 | Peon |
| 12:42 | Peon |
| 12:44 | Peon |
| 12:48 | Peon |
| 12:56 | Troll Berserker |
| 12:57 | Troll Regeneration |
| 12:59 | Peon |
| 13:27 | Great Hall |
| 13:37 | Peon |
| 14:16 | Watch Tower |
| 14:35 | Reinforced Defenses |
| 14:36 | Watch Tower |
| 14:37 | Watch Tower |
| 14:44 | Orc Burrow |
| 15:26 | Watch Tower |
| 15:27 | Watch Tower |
| 15:28 | Watch Tower |
| 15:30 | Watch Tower |
| 15:33 | Watch Tower |
| 15:34 | Watch Tower |
| 16:05 | Troll Batrider |
| 16:12 | Thorium Ranged Weapons |
| 16:13 | Steel Armor |
| 16:38 | Watch Tower |
| 16:54 | Witch Doctor Master Training |
| 16:57 | Peon |
| 17:19 | Watch Tower |
| 17:37 | Troll Batrider |
| 17:42 | Watch Tower |
| 17:47 | Voodoo Lounge |
| 18:01 | Healing Wave |
| 19:11 | Scroll of Town Portal |
| 19:25 | Troll Batrider |
| 19:29 | Arcanite Ranged Weapons |
| 19:29 | Thorium Armor |
| 19:55 | Troll Batrider |
| 19:55 | Liquid Fire |
| 19:58 | Peon |
| 20:23 | Watch Tower |
| 20:28 | Orc Burrow |
| 20:34 | War Mill |
| 20:49 | War Mill |
| 20:52 | War Mill |
| 20:54 | Watch Tower |
| 21:33 | Great Hall |
| 22:01 | Watch Tower |
| 22:16 | Watch Tower |
| 22:32 | Watch Tower |
| 22:38 | Watch Tower |
| 22:52 | Troll Witch Doctor |
| 22:55 | Improved Spiked Barricades |
| 23:21 | Watch Tower |
| 23:59 | Watch Tower |
| 24:01 | Watch Tower |
| 24:04 | Watch Tower |
| 24:40 | Scroll of Town Portal |
| 24:46 | Scroll of Town Portal |
| 25:01 | Arcanite Armor |
| 25:21 | Watch Tower |
| 25:24 | Great Hall |
| 25:25 | Watch Tower |
| 26:22 | Watch Tower |
| 26:23 | Watch Tower |
| 27:11 | Troll Batrider |
| 27:34 | Troll Batrider |
| 27:51 | Watch Tower |
| 27:55 | Watch Tower |
| 27:58 | Watch Tower |
| 28:15 | Watch Tower |
| 28:19 | Watch Tower |
| 28:57 | Scroll of Town Portal |
| 29:02 | Watch Tower |
| 29:06 | Watch Tower |
| 29:07 | Watch Tower |
| 29:09 | Watch Tower |
| 29:18 | Troll Batrider |
| 29:20 | Troll Witch Doctor |
| 29:46 | Potion of Lesser Invulnerability |
| 30:12 | Great Hall |
| 30:19 | Watch Tower |
| 30:34 | Voodoo Lounge |
| 30:36 | Watch Tower |
| 31:54 | Watch Tower |
| 31:56 | Watch Tower |
| 31:59 | Watch Tower |
| 35:36 | Potion of Healing |
| 37:53 | Chain Lighting |
| 39:02 | Periapt of Vitality |
| 39:24 | Healing Salve |
| 40:35 | Potion of Lesser Invulnerability |
| 40:38 | Staff of Teleportation |
| 42:16 | Healing Wave |
| 43:45 | Troll Batrider |
| 43:45 | Troll Batrider |
| 43:45 | Troll Batrider |
| 43:46 | Troll Batrider |
| 44:28 | Troll Batrider |
| 44:28 | Troll Batrider |
| 44:28 | Troll Batrider |
| 46:16 | Orb of Venom |
| 48:49 | Potion of Healing |
| 50:16 | Potion of Healing |
| 51:20 | Potion of Lesser Invulnerability |
| Right click | 1977 |
| Select | 900 |
| Build/train/purchase | 168 |
| Misc. action | 155 |
| Use ability | 82 |
| Assign group | 20 |
| Resource trade | 16 |
| Item give/drop | 5 |
| Minimap ping | 5 |
| Remove unit | 3 |
| Select group | 1 |


| Lesser Clarity Potion | 3 | 210 |
| Orb of Venom | 3 | 975 |
| Potion of Healing | 1 | 150 |
| Moonstone | 1 | 50 |
| Scroll of Town Portal | 1 | 350 |
| Potion of Lesser Invulnerability | 1 | 150 |
| Periapt of Vitality | 1 | 325 |
| Boots of Speed | 1 | 250 |
| total: | 12 | 2460g |
| Wisp | 53 | 3180 | / | 0 |
| Archer | 10 | 1300 | / | 100 |
| Druid of the Talon | 2 | 290 | / | 40 |
| Glaive Thrower | 3 | 630 | / | 195 |
| Mountain Giant | 1 | 350 | / | 100 |
| total: | 69 | 5750g | / | 435w |
| Ancient Protector | 21 | 2835 | / | 1680 |
| Moon Well | 9 | 1620 | / | 360 |
| Altar of Elders | 2 | 360 | / | 100 |
| Ancient of War | 2 | 300 | / | 120 |
| Ancient of Wonders | 5 | 450 | / | 150 |
| Hunter's Hall | 1 | 210 | / | 100 |
| Tree of Life | 2 | 680 | / | 370 |
| Ancient of Wind | 2 | 300 | / | 280 |
| Ancient of Lore | 4 | 620 | / | 580 |
| Tree of Ages | 1 | 320 | / | 180 |
| Tree of Eternity | 1 | 330 | / | 200 |
| total: | 48 | 7375g | / | 3740w |
| 0:01 | Wisp |
| 0:01 | Wisp |
| 0:02 | Wisp |
| 0:06 | Moon Well |
| 0:11 | Altar of Elders |
| 0:20 | Wisp |
| 0:44 | Wisp |
| 0:47 | Ancient of War |
| 0:55 | Wisp |
| 1:07 | Wisp |
| 1:07 | Wisp |
| 1:07 | Wisp |
| 1:33 | Moon Well |
| 1:47 | Wisp |
| 2:09 | Ancient of War |
| 2:13 | Moon Well |
| 2:20 | Wisp |
| 2:23 | Wisp |
| 2:29 | Force of Nature |
| 2:46 | Archer |
| 3:04 | Archer |
| 3:10 | Ancient of Wonders |
| 3:11 | Archer |
| 3:19 | Archer |
| 3:42 | Archer |
| 3:57 | Entangling Roots |
| 4:10 | Ancient of Wonders |
| 4:16 | Lesser Clarity Potion |
| 4:16 | Lesser Clarity Potion |
| 4:46 | Archer |
| 4:53 | Tree of Ages |
| 5:22 | Force of Nature |
| 5:40 | Archer |
| 6:11 | Hunter's Hall |
| 6:46 | Archer |
| 6:48 | Moon Well |
| 7:14 | Ancient Protector |
| 7:14 | Ancient Protector |
| 7:25 | Ancient Protector |
| 7:26 | Wisp |
| 7:26 | Wisp |
| 7:26 | Wisp |
| 7:26 | Wisp |
| 7:26 | Wisp |
| 7:32 | Ancient Protector |
| 7:41 | Nature's Blessing |
| 7:44 | Wisp |
| 7:44 | Wisp |
| 7:44 | Wisp |
| 8:05 | Ancient Protector |
| 8:49 | Entangling Roots |
| 9:13 | Ancient Protector |
| 10:13 | Ancient Protector |
| 10:18 | Ancient Protector |
| 10:22 | Ancient Protector |
| 10:23 | Wisp |
| 10:23 | Wisp |
| 10:26 | Tree of Eternity |
| 11:25 | Ancient Protector |
| 11:28 | Ancient Protector |
| 12:47 | Wisp |
| 12:48 | Wisp |
| 12:48 | Wisp |
| 12:48 | Wisp |
| 13:20 | Tree of Life |
| 13:30 | Wisp |
| 13:30 | Wisp |
| 13:30 | Wisp |
| 13:30 | Wisp |
| 13:30 | Wisp |
| 13:30 | Wisp |
| 15:39 | Force of Nature |
| 16:44 | Wisp |
| 16:44 | Wisp |
| 16:44 | Wisp |
| 16:44 | Wisp |
| 16:45 | Wisp |
| 17:02 | Wisp |
| 17:02 | Wisp |
| 17:02 | Wisp |
| 17:56 | Archer |
| 17:56 | Archer |
| 17:57 | Marksmanship |
| 17:57 | Improved Bows |
| 18:07 | Ancient Protector |
| 18:07 | Ancient Protector |
| 18:08 | Ancient Protector |
| 18:09 | Ancient Protector |
| 18:27 | Scroll of Town Portal |
| 18:28 | Potion of Lesser Invulnerability |
| 18:38 | Ancient Protector |
| 18:40 | Tree of Life |
| 19:22 | Wisp |
| 19:22 | Wisp |
| 19:22 | Wisp |
| 19:22 | Wisp |
| 19:22 | Wisp |
| 19:23 | Wisp |
| 19:23 | Wisp |
| 19:37 | Moon Well |
| 19:37 | Moon Well |
| 19:38 | Moon Well |
| 19:38 | Moon Well |
| 19:39 | Moon Well |
| 19:55 | Ancient Protector |
| 20:08 | Wisp |
| 20:11 | Ancient of Wind |
| 20:15 | Ancient of Wind |
| 20:17 | Strength of the Moon |
| 20:17 | Moon Armor |
| 20:18 | Reinforced Hides |
| 20:18 | Strength of the Wild |
| 20:19 | Ultravision |
| 20:19 | Well Spring |
| 21:05 | Ancient Protector |
| 21:07 | Ancient Protector |
| 21:09 | Ancient Protector |
| 21:12 | Ancient Protector |
| 23:04 | Druid of the Talon |
| 23:04 | Druid of the Talon Adept Training |
| 23:27 | Wisp |
| 23:27 | Wisp |
| 23:52 | Improved Reinforced Hides |
| 23:54 | Improved Strength of the Moon |
| 24:47 | Druid of the Talon |
| 24:48 | Druid of the Talon Master Training |
| 25:46 | Periapt of Vitality |
| 25:49 | Boots of Speed |
| 26:11 | Improved Strength of the Wild |
| 26:21 | Scout |
| 27:32 | Tranquility |
| 28:30 | Glaive Thrower |
| 28:31 | Vorpal Blades |
| 28:32 | Glaive Thrower |
| 28:33 | Glaive Thrower |
| 29:13 | Trueshot Aura |
| 30:51 | Mark of the Talon |
| 30:54 | Advanced Reinforced Hides |
| 30:54 | Advanced Strength of the Wild |
| 30:55 | Advanced Strength of the Moon |
| 30:55 | Improved Moon Armor |
| 31:51 | Ancient of Wonders |
| 39:12 | Trueshot Aura |
| 39:55 | Advanced Moon Armor |
| 40:03 | Altar of Elders |
| 43:18 | Orb of Venom |
| 45:49 | Wisp |
| 45:49 | Wisp |
| 46:20 | Ancient of Wonders |
| 46:49 | Ancient of Wonders |
| 49:31 | Ancient of Lore |
| 49:33 | Ancient of Lore |
| 49:36 | Wisp |
| 49:41 | Ancient of Lore |
| 49:49 | Ancient of Lore |
| 51:15 | Lesser Clarity Potion |
| 51:16 | Orb of Venom |
| 51:59 | Mountain Giant |
| 51:59 | Hardened Skin |
| 52:00 | Resistant Skin |
| 52:25 | Potion of Healing |
| 52:25 | Orb of Venom |
| 52:26 | Moonstone |
| Right click | 1375 |
| Select group | 1066 |
| Misc. action | 504 |
| Select | 462 |
| Build/train/purchase | 159 |
| Use ability | 103 |
| Chat | 50 |
| Assign group | 30 |
| Minimap ping | 8 |
| Remove unit | 5 |
| Item give/drop | 3 |
PhreezSucka
(3)
(58:27) : 

| Healing Salve | 3 | 300 |
| Lesser Clarity Potion | 4 | 280 |
| Scroll of Speed | 2 | 100 |
| Potion of Healing | 4 | 600 |
| Orb of Lightning | 1 | 375 |
| Potion of Mana | 3 | 600 |
| Scroll of Town Portal | 3 | 1050 |
| Boots of Speed | 2 | 500 |
| Potion of Lesser Invulnerability | 1 | 150 |
| Periapt of Vitality | 1 | 325 |
| Anti-magic Potion | 1 | 100 |
| total: | 25 | 4380g |
| Peon | 18 | 1350 | / | 0 |
| Troll Headhunter | 6 | 840 | / | 120 |
| Troll Batrider | 21 | 3360 | / | 840 |
| Demolisher | 11 | 2420 | / | 550 |
| Troll Berserker | 8 | 1120 | / | 160 |
| Spirit Walker | 1 | 195 | / | 35 |
| Troll Witch Doctor | 1 | 145 | / | 25 |
| Wind Rider | 7 | 1855 | / | 280 |
| Druid of the Talon | 1 | 145 | / | 20 |
| total: | 74 | 11430g | / | 2030w |
| Watch Tower | 45 | 4950 | / | 3600 |
| Altar of Storms | 1 | 180 | / | 50 |
| Orc Burrow | 7 | 1120 | / | 280 |
| War Mill | 1 | 205 | / | 0 |
| Barracks | 2 | 360 | / | 100 |
| Voodoo Lounge | 2 | 260 | / | 60 |
| Great Hall | 5 | 1925 | / | 925 |
| Beastiary | 4 | 580 | / | 560 |
| Tauren Totem | 2 | 270 | / | 310 |
| Spirit Lodge | 1 | 150 | / | 150 |
| Stronghold | 2 | 630 | / | 380 |
| Fortress | 1 | 325 | / | 190 |
| total: | 70 | 10000g | / | 6035w |
| 0:04 | Peon |
| 0:04 | Peon |
| 0:08 | Altar of Storms |
| 0:11 | Orc Burrow |
| 0:26 | Peon |
| 0:41 | Peon |
| 0:52 | War Mill |
| 0:58 | Peon |
| 1:14 | Barracks |
| 1:21 | Peon |
| 1:38 | Peon |
| 1:55 | Orc Burrow |
| 2:03 | Voodoo Lounge |
| 2:08 | Feral Spirit |
| 2:17 | Troll Headhunter |
| 2:19 | Spiked Barricades |
| 2:24 | Peon |
| 2:49 | Troll Headhunter |
| 3:00 | Watch Tower |
| 3:30 | Troll Headhunter |
| 3:31 | Stronghold |
| 3:46 | Troll Headhunter |
| 4:01 | Chain Lighting |
| 4:24 | Great Hall |
| 4:53 | Healing Salve |
| 4:53 | Lesser Clarity Potion |
| 4:53 | Lesser Clarity Potion |
| 5:12 | Watch Tower |
| 5:21 | Watch Tower |
| 5:26 | Watch Tower |
| 5:30 | Great Hall |
| 5:38 | Watch Tower |
| 5:50 | Steel Ranged Weapons |
| 5:51 | Steel Armor |
| 6:03 | Scroll of Speed |
| 6:43 | Boots of Speed |
| 6:45 | Boots of Speed |
| 6:48 | Troll Regeneration |
| 7:10 | Reinforced Defenses |
| 7:17 | Orc Burrow |
| 7:58 | Fortress |
| 8:23 | Feral Spirit |
| 8:45 | Troll Headhunter |
| 8:48 | Peon |
| 8:49 | Peon |
| 8:49 | Peon |
| 8:49 | Peon |
| 8:52 | Watch Tower |
| 8:53 | Watch Tower |
| 9:01 | Beastiary |
| 9:25 | Troll Headhunter |
| 9:29 | Watch Tower |
| 9:45 | Peon |
| 10:08 | Troll Batrider |
| 10:08 | Troll Batrider |
| 10:30 | Peon |
| 10:30 | Peon |
| 10:30 | Peon |
| 10:36 | Chain Lighting |
| 10:44 | Troll Batrider |
| 10:46 | Barracks |
| 11:01 | Watch Tower |
| 11:06 | Watch Tower |
| 12:07 | Watch Tower |
| 12:11 | Improved Spiked Barricades |
| 12:13 | Troll Batrider |
| 12:13 | Troll Batrider |
| 12:13 | Troll Batrider |
| 12:13 | Troll Batrider |
| 12:17 | Orc Burrow |
| 13:17 | Berserker Upgrade |
| 13:48 | Potion of Lesser Invulnerability |
| 13:50 | Periapt of Vitality |
| 13:56 | Liquid Fire |
| 13:59 | Burning Oil |
| 14:01 | Demolisher |
| 14:42 | Beastiary |
| 14:45 | Beastiary |
| 14:54 | Orc Burrow |
| 15:51 | Troll Batrider |
| 15:54 | Watch Tower |
| 16:16 | Troll Batrider |
| 16:42 | Demolisher |
| 16:45 | Feral Spirit |
| 17:02 | Watch Tower |
| 17:56 | Demolisher |
| 18:09 | Demolisher |
| 18:11 | Troll Batrider |
| 18:12 | Troll Batrider |
| 18:16 | Watch Tower |
| 19:21 | Demolisher |
| 19:43 | Watch Tower |
| 20:06 | Potion of Healing |
| 20:09 | Anti-magic Potion |
| 20:16 | Demolisher |
| 20:21 | Orc Burrow |
| 20:22 | Orc Burrow |
| 20:42 | Watch Tower |
| 21:00 | Watch Tower |
| 21:02 | Thorium Ranged Weapons |
| 21:26 | Thorium Armor |
| 22:19 | Demolisher |
| 22:21 | Troll Batrider |
| 22:21 | Troll Batrider |
| 22:21 | Troll Batrider |
| 22:58 | Watch Tower |
| 23:01 | Watch Tower |
| 23:43 | Demolisher |
| 23:46 | Troll Batrider |
| 23:56 | Watch Tower |
| 25:25 | Troll Batrider |
| 25:25 | Troll Batrider |
| 26:03 | Great Hall |
| 26:22 | Potion of Healing |
| 26:33 | Watch Tower |
| 30:28 | Watch Tower |
| 30:40 | Great Hall |
| 31:22 | Watch Tower |
| 31:23 | Watch Tower |
| 31:23 | Watch Tower |
| 31:37 | Watch Tower |
| 32:13 | Hex |
| 32:18 | Troll Berserker |
| 33:04 | Watch Tower |
| 33:17 | Peon |
| 33:37 | Watch Tower |
| 33:40 | Demolisher |
| 34:03 | Watch Tower |
| 34:16 | Troll Berserker |
| 34:31 | Troll Berserker |
| 34:33 | Troll Batrider |
| 35:01 | Watch Tower |
| 35:04 | Watch Tower |
| 35:38 | Peon |
| 36:34 | Troll Batrider |
| 36:36 | Troll Berserker |
| 36:44 | Watch Tower |
| 36:45 | Watch Tower |
| 37:43 | Voodoo Lounge |
| 37:52 | Troll Batrider |
| 38:00 | Watch Tower |
| 38:04 | Watch Tower |
| 38:29 | Watch Tower |
| 38:53 | Watch Tower |
| 39:02 | Watch Tower |
| 39:07 | Scroll of Town Portal |
| 39:07 | Scroll of Speed |
| 39:08 | Orb of Lightning |
| 39:45 | Potion of Healing |
| 39:56 | Potion of Mana |
| 40:07 | Watch Tower |
| 40:18 | Watch Tower |
| 40:20 | Healing Salve |
| 40:32 | Watch Tower |
| 40:33 | Watch Tower |
| 40:41 | Earth Quake |
| 41:24 | Demolisher |
| 41:42 | Demolisher |
| 42:25 | Healing Salve |
| 42:25 | Lesser Clarity Potion |
| 42:29 | Scroll of Town Portal |
| 42:32 | Potion of Healing |
| 42:36 | Potion of Mana |
| 43:48 | Troll Berserker |
| 44:21 | Troll Berserker |
| 44:24 | Troll Batrider |
| 45:44 | Watch Tower |
| 45:47 | Watch Tower |
| 45:51 | Watch Tower |
| 45:56 | Great Hall |
| 49:22 | Troll Berserker |
| 49:22 | Troll Berserker |
| 49:29 | Tauren Totem |
| 49:32 | Spirit Lodge |
| 51:15 | Beastiary |
| 51:22 | Tauren Totem |
| 51:45 | Spirit Walker |
| 51:51 | Witch Doctor Adept Training |
| 51:51 | Troll Witch Doctor |
| 52:37 | Spirit Walker Adept Training |
| 52:39 | Lesser Clarity Potion |
| 52:41 | Potion of Mana |
| 52:43 | Scroll of Town Portal |
| 53:27 | Wind Rider |
| 53:27 | Arcanite Ranged Weapons |
| 53:28 | Arcanite Armor |
| 53:30 | Wind Rider |
| 54:18 | Druid of the Talon |
| 55:38 | Wind Rider |
| 57:39 | Wind Rider |
| 57:40 | Wind Rider |
| 57:44 | Wind Rider |
| 57:44 | Wind Rider |
| Right click | 2885 |
| Select | 1048 |
| Build/train/purchase | 303 |
| Select group | 116 |
| Use ability | 97 |
| Chat | 31 |
| Assign group | 27 |
| Minimap ping | 22 |
| Resource trade | 11 |
| Item give/drop | 8 |
| Esc | 6 |
92 units @ 8.8k
/ 1.1k
162 buildings @ 11.9k
/ 5.5k
GIGA
(207)
(58:30) : 


| Mechanical Critter | 1 | 50 |
| Orb of Fire | 2 | 650 |
| total: | 3 | 700g |
| Peasant | 18 | 1350 | / | 0 |
| Dragonhawk Rider | 6 | 1200 | / | 180 |
| total: | 24 | 2550g | / | 180w |
| Scout Tower | 58 | 1740 | / | 1160 |
| Arcane Tower | 7 | 490 | / | 350 |
| Guard Tower | 16 | 1120 | / | 800 |
| Altar of Kings | 1 | 180 | / | 50 |
| Farm | 7 | 560 | / | 140 |
| Lumber Mill | 1 | 120 | / | 0 |
| Arcane Vault | 1 | 130 | / | 30 |
| Town Hall | 2 | 770 | / | 410 |
| Gryphon Aviary | 1 | 140 | / | 150 |
| Keep | 1 | 320 | / | 210 |
| Castle | 1 | 360 | / | 210 |
| total: | 71 | 3640g | / | 1940w |
| 0:03 | Peasant |
| 0:03 | Peasant |
| 0:09 | Altar of Kings |
| 0:14 | Farm |
| 0:16 | Farm |
| 0:37 | Peasant |
| 0:37 | Peasant |
| 0:38 | Peasant |
| 0:49 | Farm |
| 0:56 | Scout Tower |
| 1:03 | Lumber Mill |
| 1:08 | Peasant |
| 1:26 | Peasant |
| 1:34 | Peasant |
| 1:35 | Peasant |
| 1:39 | Arcane Tower |
| 1:48 | Peasant |
| 2:00 | Peasant |
| 2:04 | Improved Lumber Harvesting |
| 2:28 | Peasant |
| 2:29 | Peasant |
| 2:32 | Scout Tower |
| 2:34 | Improved Masonry |
| 2:46 | Storm Bolt |
| 2:59 | Peasant |
| 3:02 | Guard Tower |
| 3:03 | Scout Tower |
| 3:14 | Scout Tower |
| 3:15 | Scout Tower |
| 3:16 | Scout Tower |
| 3:20 | Scout Tower |
| 3:22 | Scout Tower |
| 3:23 | Scout Tower |
| 3:24 | Scout Tower |
| 3:26 | Scout Tower |
| 3:29 | Scout Tower |
| 3:31 | Scout Tower |
| 3:32 | Scout Tower |
| 3:33 | Scout Tower |
| 3:35 | Scout Tower |
| 3:36 | Scout Tower |
| 3:57 | Keep |
| 4:01 | Guard Tower |
| 4:16 | Guard Tower |
| 4:20 | Guard Tower |
| 4:22 | Guard Tower |
| 4:23 | Guard Tower |
| 4:44 | Scout Tower |
| 4:45 | Scout Tower |
| 4:46 | Scout Tower |
| 4:49 | Scout Tower |
| 4:50 | Scout Tower |
| 4:51 | Scout Tower |
| 4:52 | Scout Tower |
| 4:53 | Scout Tower |
| 4:54 | Scout Tower |
| 4:55 | Scout Tower |
| 4:56 | Scout Tower |
| 4:59 | Scout Tower |
| 4:59 | Scout Tower |
| 5:00 | Scout Tower |
| 5:01 | Scout Tower |
| 5:02 | Scout Tower |
| 5:02 | Scout Tower |
| 5:05 | Scout Tower |
| 5:06 | Scout Tower |
| 5:25 | Arcane Tower |
| 5:28 | Guard Tower |
| 5:39 | Arcane Tower |
| 5:41 | Guard Tower |
| 6:39 | Castle |
| 6:53 | Advanced Masonry |
| 7:13 | Arcane Tower |
| 7:17 | Guard Tower |
| 7:29 | Gryphon Aviary |
| 7:37 | Arcane Vault |
| 7:46 | Scout Tower |
| 7:47 | Scout Tower |
| 7:49 | Scout Tower |
| 7:50 | Scout Tower |
| 8:00 | Guard Tower |
| 8:12 | Scout Tower |
| 8:15 | Scout Tower |
| 8:16 | Scout Tower |
| 8:19 | Guard Tower |
| 8:59 | Scout Tower |
| 9:04 | Guard Tower |
| 9:11 | Imbued Masonry |
| 9:14 | Cloud |
| 9:15 | Dragonhawk Rider |
| 9:31 | Farm |
| 9:32 | Farm |
| 9:36 | Guard Tower |
| 9:39 | Scout Tower |
| 9:40 | Scout Tower |
| 9:43 | Guard Tower |
| 9:48 | Scout Tower |
| 10:13 | Dragonhawk Rider |
| 11:07 | Guard Tower |
| 11:10 | Guard Tower |
| 13:15 | Scout Tower |
| 13:15 | Scout Tower |
| 13:21 | Mechanical Critter |
| 19:30 | Divine Shield |
| 19:38 | Farm |
| 19:39 | Farm |
| 20:48 | Town Hall |
| 21:07 | Scout Tower |
| 21:07 | Scout Tower |
| 21:08 | Scout Tower |
| 21:13 | Scout Tower |
| 21:14 | Scout Tower |
| 21:53 | Arcane Tower |
| 21:56 | Arcane Tower |
| 23:03 | Arcane Tower |
| 23:33 | Town Hall |
| 23:46 | Wind Walk |
| 24:26 | Dragonhawk Rider |
| 24:26 | Dragonhawk Rider |
| 26:14 | Scout Tower |
| 26:17 | Scout Tower |
| 27:12 | Scout Tower |
| 27:15 | Scout Tower |
| 27:17 | Peasant |
| 27:17 | Peasant |
| 27:17 | Peasant |
| 27:18 | Peasant |
| 29:27 | Orb of Fire |
| 32:38 | Dragonhawk Rider |
| 32:38 | Dragonhawk Rider |
| 33:38 | Orb of Fire |
| 40:45 | Divine Shield |
| 41:38 | Divine Shield |
| 44:59 | Storm Bolt |
| 55:25 | Brilliance Aura |
| 55:33 | Resurrection |
| Right click | 3244 |
| Select group | 1675 |
| Select | 627 |
| Use ability | 106 |
| Build/train/purchase | 86 |
| Minimap ping | 61 |
| Chat | 60 |
| Resource trade | 51 |
| Misc. action | 31 |
| Assign group | 21 |
| Esc | 4 |



| Boots of Speed | 2 | 500 |
| total: | 2 | 500g |
| Peasant | 20 | 1500 | / | 0 |
| Mortar Team | 4 | 720 | / | 280 |
| Flying Machine | 17 | 1700 | / | 510 |
| total: | 41 | 3920g | / | 790w |
| Scout Tower | 43 | 1290 | / | 860 |
| Arcane Tower | 1 | 70 | / | 50 |
| Guard Tower | 10 | 700 | / | 500 |
| Altar of Kings | 3 | 540 | / | 150 |
| Farm | 17 | 1360 | / | 340 |
| Lumber Mill | 2 | 240 | / | 0 |
| Town Hall | 1 | 385 | / | 205 |
| Blacksmith | 1 | 140 | / | 60 |
| Arcane Vault | 1 | 130 | / | 30 |
| Workshop | 3 | 420 | / | 420 |
| Keep | 1 | 320 | / | 210 |
| Castle | 1 | 360 | / | 210 |
| total: | 71 | 4505g | / | 2065w |
| 0:02 | Peasant |
| 0:09 | Peasant |
| 0:18 | Altar of Kings |
| 0:19 | Peasant |
| 0:23 | Peasant |
| 0:32 | Farm |
| 0:35 | Lumber Mill |
| 0:37 | Peasant |
| 0:39 | Peasant |
| 0:48 | Peasant |
| 0:54 | Peasant |
| 1:03 | Farm |
| 1:06 | Peasant |
| 1:23 | Scout Tower |
| 1:24 | Peasant |
| 1:39 | Peasant |
| 1:40 | Improved Lumber Harvesting |
| 1:41 | Improved Masonry |
| 1:48 | Arcane Tower |
| 2:05 | Farm |
| 2:07 | Peasant |
| 2:22 | Peasant |
| 2:23 | Peasant |
| 2:24 | Peasant |
| 2:41 | Storm Bolt |
| 3:12 | Peasant |
| 3:24 | Town Hall |
| 3:36 | Peasant |
| 3:37 | Peasant |
| 3:40 | Scout Tower |
| 3:41 | Scout Tower |
| 3:44 | Scout Tower |
| 3:46 | Scout Tower |
| 4:13 | Guard Tower |
| 4:20 | Guard Tower |
| 4:22 | Peasant |
| 4:22 | Peasant |
| 4:39 | Keep |
| 5:06 | Bash |
| 5:07 | Bash |
| 5:30 | Blacksmith |
| 5:40 | Scout Tower |
| 5:40 | Scout Tower |
| 5:41 | Scout Tower |
| 5:42 | Scout Tower |
| 6:14 | Scout Tower |
| 7:02 | Workshop |
| 7:03 | Castle |
| 7:10 | Guard Tower |
| 7:14 | Workshop |
| 7:19 | Workshop |
| 7:27 | Black Gunpowder |
| 7:27 | Iron Plating |
| 7:40 | Advanced Lumber Harvesting |
| 7:40 | Advanced Masonry |
| 7:48 | Holy Light |
| 8:02 | Studded Leather Armor |
| 8:12 | Scout Tower |
| 8:12 | Scout Tower |
| 8:13 | Scout Tower |
| 8:15 | Scout Tower |
| 8:16 | Scout Tower |
| 8:16 | Scout Tower |
| 8:17 | Scout Tower |
| 9:01 | Flak Cannons |
| 9:01 | Flare |
| 9:18 | Mortar Team |
| 9:43 | Flying Machine Bombs |
| 9:44 | Fragmentation Shards |
| 9:51 | Holy Light |
| 10:11 | Imbued Masonry |
| 10:40 | Mortar Team |
| 11:05 | Farm |
| 11:05 | Farm |
| 11:06 | Farm |
| 11:07 | Farm |
| 12:01 | Flying Machine |
| 12:01 | Flying Machine |
| 12:01 | Flying Machine |
| 12:02 | Flying Machine |
| 12:02 | Flying Machine |
| 12:02 | Flying Machine |
| 12:02 | Flying Machine |
| 12:09 | Farm |
| 12:10 | Farm |
| 12:11 | Farm |
| 12:20 | Refined Gunpowder |
| 12:21 | Steel Plating |
| 13:08 | Flying Machine |
| 13:08 | Flying Machine |
| 13:09 | Flying Machine |
| 13:09 | Flying Machine |
| 13:23 | Storm Bolt |
| 13:30 | Flying Machine |
| 13:37 | Imbued Gunpowder |
| 14:14 | Guard Tower |
| 16:06 | Storm Bolt |
| 18:05 | Scout Tower |
| 18:05 | Scout Tower |
| 18:06 | Scout Tower |
| 18:07 | Scout Tower |
| 18:08 | Scout Tower |
| 18:08 | Scout Tower |
| 18:09 | Scout Tower |
| 18:09 | Scout Tower |
| 18:10 | Scout Tower |
| 18:11 | Scout Tower |
| 18:12 | Scout Tower |
| 18:13 | Scout Tower |
| 19:13 | Lumber Mill |
| 19:25 | Scout Tower |
| 19:25 | Scout Tower |
| 19:44 | Guard Tower |
| 19:57 | Guard Tower |
| 20:11 | Scout Tower |
| 20:12 | Scout Tower |
| 20:13 | Scout Tower |
| 20:21 | Guard Tower |
| 20:52 | Guard Tower |
| 20:55 | Scout Tower |
| 20:55 | Scout Tower |
| 20:56 | Scout Tower |
| 20:58 | Scout Tower |
| 20:58 | Scout Tower |
| 21:12 | Farm |
| 21:13 | Farm |
| 21:14 | Farm |
| 21:34 | Guard Tower |
| 23:00 | Divine Shield |
| 23:24 | Mithril Plating |
| 24:35 | Boots of Speed |
| 24:42 | Boots of Speed |
| 25:08 | Scout Tower |
| 25:08 | Scout Tower |
| 25:10 | Scout Tower |
| 25:12 | Scout Tower |
| 25:46 | Guard Tower |
| 26:11 | Holy Light |
| 26:38 | Bash |
| 26:39 | Bash |
| 27:28 | Arcane Vault |
| 28:52 | Altar of Kings |
| 32:57 | Holy Light |
| 35:22 | Flying Machine |
| 35:23 | Flying Machine |
| 35:23 | Flying Machine |
| 35:23 | Flying Machine |
| 35:25 | Flying Machine |
| 35:36 | Brilliance Aura |
| 36:22 | Mortar Team |
| 36:26 | Mortar Team |
| 43:25 | Storm Bolt |
| 45:28 | Blizzard |
| 49:22 | Holy Light |
| 51:00 | Holy Light |
| 51:42 | Avatar |
| 52:47 | Avatar |
| 53:36 | Farm |
| 53:36 | Farm |
| 53:48 | Farm |
| 53:49 | Farm |
| 57:19 | Altar of Kings |
| 58:11 | Bash |
| Right click | 2552 |
| Select group | 1002 |
| Select | 490 |
| Misc. action | 202 |
| Use ability | 165 |
| Build/train/purchase | 133 |
| Resource trade | 23 |
| Assign group | 14 |
| Esc | 7 |
| Minimap ping | 5 |
| Item give/drop | 3 |
| Remove unit | 2 |

| Healing Salve | 2 | 200 |
| Lesser Clarity Potion | 4 | 280 |
| Orb of Lightning | 1 | 375 |
| Boots of Speed | 1 | 250 |
| Staff of Teleportation | 1 | 150 |
| Scroll of Regeneration | 1 | 100 |
| total: | 10 | 1355g |
| Peon | 22 | 1650 | / | 0 |
| Troll Witch Doctor | 5 | 725 | / | 125 |
| total: | 27 | 2375g | / | 125w |
| Watch Tower | 3 | 330 | / | 240 |
| Altar of Storms | 3 | 540 | / | 150 |
| Orc Burrow | 5 | 800 | / | 200 |
| War Mill | 1 | 205 | / | 0 |
| Voodoo Lounge | 3 | 390 | / | 90 |
| Great Hall | 3 | 1155 | / | 555 |
| Spirit Lodge | 2 | 300 | / | 300 |
| Stronghold | 1 | 315 | / | 190 |
| Fortress | 1 | 325 | / | 190 |
| total: | 20 | 3720g | / | 1535w |
| 0:07 | Altar of Storms |
| 0:11 | Orc Burrow |
| 0:13 | Orc Burrow |
| 0:15 | Peon |
| 0:15 | Peon |
| 0:23 | Peon |
| 0:46 | Peon |
| 1:02 | Peon |
| 1:06 | War Mill |
| 1:18 | Voodoo Lounge |
| 1:25 | Peon |
| 1:39 | Orc Burrow |
| 1:47 | Peon |
| 2:07 | Peon |
| 2:07 | Peon |
| 2:14 | Wind Walk |
| 2:47 | Peon |
| 2:47 | Peon |
| 3:33 | Peon |
| 3:33 | Peon |
| 3:47 | Great Hall |
| 4:10 | Great Hall |
| 4:20 | Boots of Speed |
| 4:27 | Staff of Teleportation |
| 5:34 | Spiked Barricades |
| 6:10 | Healing Salve |
| 6:10 | Lesser Clarity Potion |
| 6:27 | Peon |
| 6:27 | Peon |
| 6:27 | Peon |
| 7:11 | Watch Tower |
| 7:12 | Watch Tower |
| 7:12 | Watch Tower |
| 9:05 | Peon |
| 9:12 | Stronghold |
| 9:28 | Orc Burrow |
| 10:43 | Altar of Storms |
| 12:15 | Fortress |
| 12:41 | Voodoo Lounge |
| 13:49 | Critical Strike |
| 14:48 | Orb of Lightning |
| 19:26 | Spirit Lodge |
| 19:28 | Peon |
| 19:32 | Healing Salve |
| 19:32 | Lesser Clarity Potion |
| 21:27 | Witch Doctor Adept Training |
| 22:15 | Spirit Lodge |
| 25:43 | Witch Doctor Master Training |
| 26:05 | Voodoo Lounge |
| 26:19 | Scroll of Regeneration |
| 26:22 | Lesser Clarity Potion |
| 29:32 | Troll Witch Doctor |
| 29:33 | Troll Witch Doctor |
| 29:33 | Troll Witch Doctor |
| 29:33 | Troll Witch Doctor |
| 30:08 | Altar of Storms |
| 31:26 | Orc Burrow |
| 31:31 | Troll Witch Doctor |
| 35:04 | Lesser Clarity Potion |
| 38:41 | Critical Strike |
| 39:49 | Great Hall |
| 46:21 | Peon |
| 46:21 | Peon |
| 46:56 | Peon |
| 46:56 | Peon |
| 51:17 | Critical Strike |
| 57:00 | Bladestorm |
| Right click | 1818 |
| Select | 256 |
| Misc. action | 210 |
| Select group | 125 |
| Build/train/purchase | 112 |
| Resource trade | 48 |
| Chat | 37 |
| Use ability | 24 |
| Assign group | 12 |
| Esc | 12 |
| Item give/drop | 4 |
| Remove unit | 2 |
| Minimap ping | 2 |